 Dungeon Crawl Stone Soup version 0.27-a0-1136-g0b992a5a9d (webtiles) character file.

Game seed: 13137546577571802335

904 DocEon the Ruffian (level 7, -2/57 HPs)
             Began as a Purple Draconian Transmuter on May 6, 2021.
             Was a Plaything of Xom.
             Succumbed to Crazy Yiuf's poison
             ... on level 4 of the Dungeon.
             The game lasted 00:06:15 (5555 turns).

DocEon the Ruffian (Purple Draconian Transmuter)    Turns: 5555, Time: 00:06:16

Health: -2/57      AC:  2    Str: 13    XL:     7   Next: 80%
Magic:  9/15       EV: 19    Int: 12    God:    Xom [.....*]
Gold:   113        SH:  0    Dex: 21    Spells: 11/17 levels left

rFire    . . .     SeeInvis .     - Unarmed
rCold    . . .     Faith    .   (shield currently unavailable)
rNeg     . . .     Spirit   .   (armour unavailable)
rPois    x         Reflect  .   (helmet currently unavailable)
rElec    .         Harm     .   (cloak currently unavailable)
rCorr    .         Rampage  .   (gloves currently unavailable)
Will     +....                  (boots currently unavailable)
Stlth    +++.......             (no amulet)
HPRegen  0.19/turn              (no ring)
MPRegen  0.14/turn              (no ring)

@: lethally poisoned (-2 -> -45), spider-form, very slightly contaminated
A: venomous fangs, (breathe power), AC +6, tiny, unfitting armour,
(cold-blooded), (talons 1), thin skeletal structure 1, agile 1, dopey 1, (poison
resistance), robust 1
a: End Transformation, Renounce Religion


You were on level 4 of the Dungeon.
You worshipped Xom.
You were Xom's teddy bear.
You were a venomous arachnid creature.
You visited 1 branch of the dungeon, and saw 4 of its levels.

You collected 113 gold pieces.

Inventory:

Missiles
 d - 2 throwing nets
Armour
 g - a +0 pair of boots
Jewellery
 j - a ring of ice
Wands
 c - a wand of polymorph (7)
Scrolls
 a - a scroll of magic mapping
 b - 3 scrolls of identify
 f - 2 scrolls of summoning
 i - 3 scrolls of enchant armour
Potions
 e - a potion of flight
 h - 3 potions of heal wounds
 l - a potion of might {unknown}
 m - a potion of curing {unknown}


   Skills:
 - Level 1.1 Fighting
 - Level 1.7 Dodging
 * Level 6.9 Unarmed Combat
 * Level 5.7 Spellcasting
 + Level 4.6 Transmutations


You had 11 spell levels left.
You knew the following spells:

 Your Spells              Type           Power      Damage    Failure   Level
a - Beastly Appendage     Tmut           28%        N/A       10%         1
b - Wereblood             Tmut           14%        N/A       13%         2
c - Spider Form           Tmut/Pois      4%         N/A       43%         3

Your spell library contained the following spells:

 Spells                   Type           Power      Damage    Failure   Level
 Ice Form                 Ice/Tmut       9%         N/A       77%         4
 Hydra Form               Tmut           7%         N/A       78%         5


Dungeon Overview and Level Annotations

Branches:
Dungeon (4/15)
 Temple: D:4-7

Altars:
Ashenzari
Xom

Shops:
D:2 (

Annotations:
D:4 Crazy Yiuf


Innate Abilities, Weirdness & Mutations

You are a venomous arachnid creature.
You have poisonous fangs.
You are tiny and dextrous.
Your spellcasting is less reliable in this form.
Your armour is entirely melded.
You are incapable of wielding weapons or throwing items.
((You can breathe bolts of dispelling energy.))
((Your rich purple scales are hard. (AC +6)))
You cannot fit into any form of body armour.
((You are cold-blooded and may be slowed by cold attacks.))
((You have sharp toenails.))
You have a somewhat thin skeletal structure. (Dex +2, Stealth+)
You are agile. (Dex +2)
You are dopey. (Int -2)
((Your system is resistant to poisons. (rPois)))
You are robust. (+10% HP)


Message History

Your magical contamination has completely faded away.
You start resting.
Your transformation is almost over.
Your horns disappear.
Magic restored. "See what I see, my child!"
You feel aware of your surroundings.
HP restored.
You see here a scroll of noise.
Crazy Yiuf shouts!
Could not explore, unopened runed door.
Could not explore, unopened runed door.
You open the door.
Crazy Yiuf cries, "You leg down broken song, no?"
Casting: Beastly Appendage (safe; 2% risk of failure)
Confirm with . or Enter, or press ? or * to list all spells.
You miscast Spider Form.
You are very lightly contaminated with residual magic.
Nothing appears to happen.
Casting: Spider Form (dangerous; 22% risk of failure)
Confirm with . or Enter, or press ? or * to list all spells.
You turn into a venomous arachnid creature.
Crazy Yiuf hits you with a +4 quarterstaff of chaos!
Crazy Yiuf burns you.
You hit Crazy Yiuf but do no damage.
Crazy Yiuf is poisoned.
Crazy Yiuf says, "One may say the eternal mystery of the world is its comprehensibility."
Crazy Yiuf misses you.
You hit Crazy Yiuf.
Crazy Yiuf looks as sick as possible!
Crazy Yiuf is moderately wounded.
Crazy Yiuf hits you with a +4 quarterstaff of chaos!
You are lethally poisoned!
You completely miss Crazy Yiuf.
Crazy Yiuf is severely wounded.
You feel extremely sick.
Crazy Yiuf hits you with a +4 quarterstaff of chaos!
* * * LOW HITPOINT WARNING * * *
Crazy Yiuf freezes you.
* * * LOW HITPOINT WARNING * * *
You die...
Xom howls with laughter!

.##..#.#.##.##..#..#.#
.##..#.#.##.#......#.#
..).........#..##.##.#
.##..##..##.#..##.##.#
.##..##..#############
.##..##..#
###..###.#######
#.#.......#..#.###**###
.....###......#.s##...#
#.#####.....P####.g...#
#.# #....#.## ###..)#
..######.#### *###
.........# #.#......#
.........####
#.#........>#
#.#.####..########


You could see Crazy Yiuf (extremely poisoned).

Vanquished Creatures
  Grinder (D:4)
  An ogre (D:4)
  3 scorpions (D:4)
  2 hounds (D:3)
  A jelly (D:4)
  An orc priest (D:3)
  A bullfrog skeleton (D:3)
  2 orc wizards
  7 adders
  9 gnolls
  An adder skeleton (D:4)
  5 worms
  4 dart slugs
  5 orcs
  2 ball pythons
  A bat (D:2)
  4 endoplasms
  A giant cockroach (D:3)
  4 goblins
  10 hobgoblins
  6 jackals (D:1)
  7 quokkas
  A frilled lizard (D:3)
  5 kobolds
  5 rats
89 creatures vanquished.

Notes
Turn   | Place    | Note
-------+----------+-------------------------------------------
     0 | D:1      | DocEon the Draconian Transmuter began the quest for the
                  | Orb.
     0 | D:1      | Reached XP level 1. HP: 16/16 MP: 3/3
   310 | D:1      | Reached XP level 2. HP: 23/23 MP: 3/5
   386 | D:1      | Found a faded altar of an unknown god.
   389 | D:1      | Became a worshipper of Xom of Chaos
   741 | D:1      | Reached XP level 3. HP: 28/28 MP: 4/6
   744 | D:1      | Learned a level 2 spell: Wereblood
   748 | D:1      | Learned a level 3 spell: Spider Form
  1294 | D:2      | XOM: silly message
  1364 | D:2      | XOM: divination: detect items
  1536 | D:2      | Reached skill level 4 in Unarmed Combat
  1540 | D:2      | Reached XP level 4. HP: 25/35 MP: 0/8
  1716 | D:2      | XOM: butterfly on damage
  1889 | D:2      | XOM: scenery: 1 doors open
  1899 | D:2      | Found Giyfuol's Weapon Shop.
  1899 | D:2      | XOM: 4-stop teleportation journey
  2092 | D:2      | XOM: 5-stop teleportation journey
  2134 | D:2      | XOM: stat loss: -1 Int (13/14)
  2854 | D:3      | XOM: give mutations
  2854 | D:3      | Gained mutation: You are robust. (+10% HP) [Xom's grace]
  2854 | D:3      | Gained mutation: You are agile. (Dex +2) [Xom's grace]
  2854 | D:3      | Gained mutation: You have sharp toenails. [Xom's grace]
  3010 | D:3      | XOM: 4-stop teleportation journey
  3019 | D:3      | XOM: chaos cloud
  3021 | D:3      | Reached XP level 5. HP: 31/44 MP: 7/9
  3051 | D:3      | XOM: 1-stop teleportation journey
  3145 | D:3      | XOM: give mutations
  3145 | D:3      | Gained mutation: You are dopey. (Int -2) [Xom's mischief]
  3145 | D:3      | Gained mutation: You occasionally shout uncontrollably at
                  | your foes. [Xom's mischief]
  3145 | D:3      | Lost mutation: You are robust. (+10% HP) [Xom's mischief]
  3145 | D:3      | Lost mutation: You occasionally shout uncontrollably at
                  | your foes. [Xom's mischief]
  3266 | D:3      | XOM: silly message
  3314 | D:3      | Reached skill level 5 in Unarmed Combat
  3575 | D:3      | Reached XP level 6. HP: 28/47 MP: 4/11
  3977 | D:4      | XOM: noise
  4227 | D:3      | XOM: cloud trail
  4429 | D:4      | XOM is BORED!
  4438 | D:4      | Noticed Grinder
  4444 | D:4      | XOM: divination: detect creatures
  4450 | D:4      | Killed Grinder
  4451 | D:4      | Reached skill level 6 in Unarmed Combat
  4451 | D:4      | Your scales start taking on a rich purple colour.
  4451 | D:4      | Reached XP level 7. HP: 35/52 MP: 10/14
  4662 | D:4      | XOM: 2-stop teleportation journey
  4743 | D:4      | Found a runed translucent door.
  4744 | D:4      | Noticed Crazy Yiuf
  4848 | D:4      | XOM: god gift: scroll of noise
  4910 | D:4      | Reached skill level 5 in Spellcasting
  4952 | D:4      | XOM: give mutations
  4952 | D:4      | Gained mutation: You have a somewhat thin skeletal
                  | structure. (Dex +2, Stealth+) [Xom's grace]
  4952 | D:4      | Gained mutation: You are robust. (+10% HP) [Xom's grace]
  4952 | D:4      | Gained mutation: Your system is resistant to poisons.
                  | (rPois) [Xom's grace]
  5010 | D:4      | XOM: divination: detect items
  5181 | D:4      | Found a broken altar of Ashenzari.
  5217 | D:4      | XOM: scenery: 3 doors open
  5232 | D:4      | Identified the +10 mace of Jemmeleq {holy, Str+3 Int+4
                  | Stlth-}
  5297 | D:4      | XOM: cloud trail
  5468 | D:4      | XOM: divination: magic mapping
  5555 | D:4      | Succumbed to Crazy Yiuf's poison

Illustrated notes

Levels and vault maps discovered:
D:1:      amcnicky_arrival_gap_in_the_tavern_cellar, layout_loops_ring,
          hellmonk_ecumenical_altar_inner_sanctum
D:2:      layout_basic, serial_shops,
          nicolae_shop_temple_entry_statues_fountains
D:3:      layout_basic, cheibrodos_gnoll_hut
D:4:      layout_basic, evilmike_ruin_ashenzari, uniq_crazy_yiuf_cottage,
          uniq_grinder

Skill      XL: |  1  2  3  4  5  6  7 |
---------------+----------------------+-----
Unarmed Combat | 4 5 6 |  6.9
Transmutations | 3 4 |  4.6
Spellcasting   | 3 4 5 |  5.7
Fighting       | |  1.1
Dodging        | |  1.7

Action                   |  1- 3 |  4- 6 |  7- 9 || total
-------------------------+-------+-------+-------++-------
Melee: Unarmed           |    93 |   140 |    45 ||   278
       Headbutt          |    18 |     7 |     1 ||    26
       Tailslap          |     6 |    13 |     3 ||    22
       Kick              |    13 |    18 |     7 ||    38
       Punch             |     1 |     6 |       ||     7
 Cast: Beastly Appendage |    26 |    23 |     6 ||    55
       Spider Form       |     1 |     5 |     2 ||     8
       Wereblood         |     1 |     3 |       ||     4
 Abil: Breathe Dispellin |       |       |     2 ||     2
  Use: Scroll            |     6 |     2 |     2 ||    10
 Stab: Sleeping          |       |     1 |       ||     1
       Petrifying        |       |     1 |       ||     1
Armor: Skin              |    20 |    27 |     6 ||    53
Dodge: Dodged            |    59 |    84 |    18 ||   161

Table legend: (Time is in decaauts)
 A = Elapsed time spent in this place.
 B = Non-inter-level travel time spent in this place.
 C = Inter-level travel time spent in this place.
 D = Time resting spent in this place.
 E = Time spent auto-exploring this place.
 F = Levels seen in this place.
 G = Mean time per level.
                   A        B        C        D        E       F      G
               +--------+--------+--------+--------+--------+-----+--------+
         Total |   5531 |   5479 |     52 |   1423 |   3333 |   4 | 1382.8 |
       Dungeon |   5531 |   5479 |     52 |   1423 |   3333 |   4 | 1382.8 |
               +--------+--------+--------+--------+--------+-----+--------+

Top non-repeatable levels by time:
     D:3: 1880 daAuts
     D:1: 1274 daAuts
     D:4: 1207 daAuts
     D:2: 1169 daAuts
